AAA
NEW YORK COMETS @ ALLENTOWN A'S
04/28/2060
 
TOP OF THE 1ST
New York Comets batting - Pitching for Allentown A's : RHP Dylon Jenkins
Pitching: RHP Dylon Jenkins
Batting: SHB Drake Stock 0-0: Ball
1-0: Foul Ball, location: 2F
1-1: Ball
2-1: Fly out, F8 (Flyball, 89M, EV 98.1 MPH)
Batting: RHB Brock Jackson 0-0: Ball
1-0: Called Strike
1-1: Swinging Strike
1-2: Hit by Pitch
Batting: RHB Mason Douglass 0-0: Ball
1-0: Called Strike
1-1: SINGLE (Line Drive, 9S, EV 106.9 MPH)
Brock Jackson to second
Batting: LHB Abraham Kajosevic 0-0: Fielders Choice at 2nd, 5-4 (Groundball, 5, EV 85.6 MPH)
Brock Jackson to third
Batting: RHB Victor Day 0-0: Ball
1-0: Ball
2-0: Foul Ball, location: 2F
2-1: Ball
3-1: Foul Ball, location: 2F
3-2: Foul Ball, location: 2F
3-2: Foul Ball, location: 2F
3-2: Strikes out looking
Top of the 1st over - 0 runs, 1 hit, 0 errors, 2 left on base; New York 0 - Allentown 0
BOTTOM OF THE 1ST
Allentown A's batting - Pitching for New York Comets : LHP Ozzy Price
Pitching: LHP Ozzy Price
Batting: LHB Cole Marshall 0-0: Ground out 4-3 (Groundball, 4, EV 92.5 MPH)
Batting: LHB Spencer Murdock 0-0: Called Strike
0-1: Ball
1-1: Ball
2-1: Called Strike
2-2: Foul Ball, location: 2F
2-2: Ball
3-2: Foul Ball, location: 2F
3-2: SINGLE (Groundball, 6MD, EV 100.0 MPH)
Batting: RHB Logan Barbee 0-0: Ball
1-0: Ball
2-0: Fly out, F8 (Flyball, 8RD, EV 80.0 MPH)
Batting: RHB Tracy Wick 0-0: Ball
1-0: Called Strike
1-1: 2-RUN HOME RUN (Flyball, 7LD, EV 93.8 MPH), Distance : 348 ft
Batting: SHB Gage Wilson 0-0: Called Strike
0-1: Ball
1-1: Swinging Strike
1-2: Foul Ball, location: 2F
1-2: Ball
2-2: Foul Ball, location: 2F
2-2: Ground out 5-3 (Groundball, 56, EV 82.5 MPH)
Bottom of the 1st over - 2 runs, 2 hits, 0 errors, 0 left on base; New York 0 - Allentown 2
TOP OF THE 2ND
New York Comets batting - Pitching for Allentown A's : RHP Dylon Jenkins
Batting: LHB Morgan Buga 0-0: Ball
1-0: Foul Ball, location: 2F
1-1: Ball
2-1: Ball
3-1: Base on Balls
Batting: RHB Kip Clark 0-0: Called Strike
0-1: Ball
1-1: Ball
2-1: Fly out, F4 (Flyball, 34D, EV 89.4 MPH)
Batting: LHB Colton Boose 0-0: Ball
1-0: Swinging Strike
1-1: Grounds into double play, 1-6-3 (Groundball, P, EV 68.1 MPH)
Top of the 2nd over - 0 runs, 0 hits, 0 errors, 0 left on base; New York 0 - Allentown 2
BOTTOM OF THE 2ND
Allentown A's batting - Pitching for New York Comets : LHP Ozzy Price
Batting: RHB David McCullough 0-0: Swinging Strike
0-1: Ground out 4-3 (Groundball, 4, EV 83.8 MPH)
Batting: RHB Xander Oakley 0-0: Called Strike
0-1: Swinging Strike
0-2: Ball
1-2: Strikes out swinging
Batting: RHB Dave Bourcy 0-0: Ball
1-0: Ball
2-0: Ball
3-0: Base on Balls
Batting: LHB Rufus Cartellieri 0-0: Ball
1-0: Foul Ball, location: 2F
1-1: Swinging Strike
1-2: Fielders Choice at 2nd, 6-4 (Groundball, 6, EV 79.4 MPH)
Bottom of the 2nd over - 0 runs, 0 hits, 0 errors, 1 left on base; New York 0 - Allentown 2
TOP OF THE 3RD
New York Comets batting - Pitching for Allentown A's : RHP Dylon Jenkins
Batting: RHB Terrance Tuck 0-0: Called Strike
0-1: Called Strike
0-2: Ground out 5-3 (Groundball, 56, EV 83.8 MPH)
Batting: SHB Drake Stock 0-0: Called Strike
0-1: Ball
1-1: Ground out U3 (Groundball, 3, EV 103.1 MPH)
Batting: RHB Brock Jackson 0-0: Called Strike
0-1: Ball
1-1: Swinging Strike
1-2: Strikes out swinging
Top of the 3rd over - 0 runs, 0 hits, 0 errors, 0 left on base; New York 0 - Allentown 2
BOTTOM OF THE 3RD
Allentown A's batting - Pitching for New York Comets : LHP Ozzy Price
Batting: LHB Cole Marshall 0-0: Called Strike
0-1: Called Strike
0-2: Ball
1-2: Ball
2-2: SINGLE (Groundball, 6S, EV 94.4 MPH)
Batting: LHB Spencer Murdock 0-0: Grounds into double play, 5-4-3 (Groundball, 56, EV 95.6 MPH)
Batting: RHB Logan Barbee 0-0: Called Strike
0-1: Ball
1-1: Swinging Strike
1-2: SOLO HOME RUN (Flyball, 7D, EV 97.5 MPH), Distance : 387 ft
Batting: RHB Tracy Wick 0-0: Ball
1-0: Foul Ball, location: 2F
1-1: SINGLE (Line Drive, 8LS, EV 91.2 MPH)
Batting: SHB Gage Wilson 0-0: Ball
1-0: Called Strike
1-1: SINGLE (Groundball, 6MD, EV 96.2 MPH)
Tracy Wick to second
Runner from 2nd tries for 3rd, OUT! 8-5
Bottom of the 3rd over - 1 run, 4 hits, 0 errors, 1 left on base; New York 0 - Allentown 3
TOP OF THE 4TH
New York Comets batting - Pitching for Allentown A's : RHP Dylon Jenkins
Batting: RHB Mason Douglass 0-0: Called Strike
0-1: Ball
1-1: Ball
2-1: Ball
3-1: Foul Ball, location: 2F
3-2: Strikes out swinging
Batting: LHB Abraham Kajosevic 0-0: Ball
1-0: Swinging Strike
1-1: Called Strike
1-2: Strikes out swinging
Batting: RHB Victor Day 0-0: Called Strike
0-1: Ball
1-1: Ground out 6-3 (Groundball, 6, EV 85.6 MPH)
Top of the 4th over - 0 runs, 0 hits, 0 errors, 0 left on base; New York 0 - Allentown 3
BOTTOM OF THE 4TH
Allentown A's batting - Pitching for New York Comets : LHP Ozzy Price
Batting: RHB David McCullough 0-0: Ground out 5-3 (Groundball, 5, EV 83.1 MPH)
Batting: RHB Xander Oakley 0-0: Foul Ball, location: 2F
0-1: Foul Ball, location: 2F
0-2: Strikes out looking
Batting: RHB Dave Bourcy 0-0: Called Strike
0-1: Ball
1-1: Foul Ball, location: 2F
1-2: SINGLE (Groundball, 4M, EV 101.9 MPH)
Batting: LHB Rufus Cartellieri 0-0: Ground out 4-3 (Groundball, 4, EV 103.1 MPH)
Bottom of the 4th over - 0 runs, 1 hit, 0 errors, 1 left on base; New York 0 - Allentown 3
TOP OF THE 5TH
New York Comets batting - Pitching for Allentown A's : RHP Dylon Jenkins
Batting: LHB Morgan Buga 0-0: Foul Ball, location: 2F
0-1: Ball
1-1: SOLO HOME RUN (Line Drive, 89XD, EV 108.1 MPH), Distance : 450 ft
Batting: RHB Kip Clark 0-0: Called Strike
0-1: Swinging Strike
0-2: Foul Ball, location: 2F
0-2: Foul Ball, location: 2F
0-2: Ball
1-2: Strikes out swinging
Batting: LHB Colton Boose 0-0: Ground out 4-3 (Groundball, 4, EV 84.4 MPH)
Batting: RHB Terrance Tuck 0-0: Called Strike
0-1: Ball
1-1: Ball
2-1: Swinging Strike
2-2: Ball
3-2: Strikes out swinging
Top of the 5th over - 1 run, 1 hit, 0 errors, 0 left on base; New York 1 - Allentown 3
BOTTOM OF THE 5TH
Allentown A's batting - Pitching for New York Comets : LHP Ozzy Price
Batting: LHB Cole Marshall 0-0: Fly out, F7 (Flyball, 78M, EV 87.5 MPH)
Batting: LHB Spencer Murdock 0-0: Called Strike
0-1: Ball
1-1: DOUBLE (Line Drive, 7LM, EV 103.8 MPH)
Batting: RHB Logan Barbee 0-0: Ball
1-0: SINGLE (Groundball, 6S, EV 68.8 MPH) (infield hit)
Spencer Murdock to third
Batting: RHB Tracy Wick 0-0: Ball
1-0: Called Strike
1-1: Ball
2-1: Ball
3-1: Swinging Strike
3-2: Fly out, F7 (Line Drive, 78M, EV 102.5 MPH)
Batting: SHB Gage Wilson 0-0: Fly out, F9 (Flyball, 9, EV 79.4 MPH)
Bottom of the 5th over - 0 runs, 2 hits, 0 errors, 2 left on base; New York 1 - Allentown 3
TOP OF THE 6TH
New York Comets batting - Pitching for Allentown A's : RHP Dylon Jenkins
Batting: SHB Drake Stock 0-0: Foul Ball, location: 2F
0-1: Foul Ball, location: 2F
0-2: Foul Ball, location: 2F
0-2: Ball
1-2: Strikes out swinging
Pitching: RHP Jimmy Loman
Batting: RHB Brock Jackson 0-0: Ball
1-0: Called Strike
1-1: Foul Ball, location: 2F
1-2: Strikes out swinging
Batting: RHB Mason Douglass 0-0: Ball
1-0: Ball
2-0: Ball
3-0: Called Strike
3-1: Fly out, F8 (Flyball, 78M, EV 91.9 MPH)
Top of the 6th over - 0 runs, 0 hits, 0 errors, 0 left on base; New York 1 - Allentown 3
BOTTOM OF THE 6TH
Allentown A's batting - Pitching for New York Comets : LHP Ozzy Price
Batting: RHB David McCullough 0-0: Ball
1-0: Ball
2-0: Foul Ball, location: 2F
2-1: Foul Ball, location: 2F
2-2: Ball
3-2: Foul Ball, location: 2F
3-2: Base on Balls
Pitching: RHP Rylan Becker
Batting: RHB Xander Oakley 0-0: Swinging Strike
0-1: Swinging Strike
0-2: Strikes out swinging
Batting: RHB Dave Bourcy 0-0: Ball
1-0: Ball
2-0: Called Strike
2-1: SINGLE (Line Drive, 89S, EV 109.4 MPH)
David McCullough to second
Batting: LHB Rufus Cartellieri 0-0: Called Strike
0-1: Ball
1-1: SINGLE (Groundball, 6M, EV 83.1 MPH) (infield hit)
David McCullough to third
Dave Bourcy to second
Batting: LHB Cole Marshall 0-0: DOUBLE (Line Drive, 89XD, EV 109.4 MPH)
David McCullough scores
Dave Bourcy scores
Rufus Cartellieri to third
Batting: LHB Spencer Murdock 0-0: SINGLE (Groundball, 34D, EV 98.8 MPH)
Rufus Cartellieri scores
Cole Marshall to third
Batting: RHB Logan Barbee 0-0: Called Strike
0-1: Ball
1-1: Ball
2-1: Swinging Strike
2-2: Foul Ball, location: 2F
2-2: SINGLE (Line Drive, 3D, EV 105.0 MPH)
Cole Marshall scores
Spencer Murdock to second
Pitching: LHP Thomas Bruner
Batting: RHB Tracy Wick 0-0: Ball
1-0: Ball
2-0: SINGLE (Line Drive, 8RS, EV 110.6 MPH)
Spencer Murdock to third
Logan Barbee to second
Batting: SHB Gage Wilson 0-0: Foul Ball, location: 2F
0-1: Swinging Strike
0-2: Ball
1-2: Ball
2-2: Ball
3-2: Strikes out swinging
Batting: RHB David McCullough 0-0: Ball
1-0: Ball
2-0: Called Strike
2-1: Foul Ball, location: 2F
2-2: Ball
3-2: Fly out, F7 (Flyball, 7, EV 90.6 MPH)
Bottom of the 6th over - 4 runs, 6 hits, 0 errors, 3 left on base; New York 1 - Allentown 7
TOP OF THE 7TH
New York Comets batting - Pitching for Allentown A's : RHP Jimmy Loman
Batting: LHB Abraham Kajosevic 0-0: Called Strike
0-1: Swinging Strike
0-2: Ball
1-2: Strikes out looking
Batting: RHB Victor Day 0-0: Foul Ball, location: 2F
0-1: Ball
1-1: Fly out, F6 (Line Drive, 6, EV 71.2 MPH)
Batting: LHB Morgan Buga 0-0: Ball
1-0: Foul Ball, location: 2F
1-1: SINGLE (Groundball, 56D, EV 96.2 MPH)
Batting: RHB Kip Clark 0-0: Called Strike
0-1: Ball
1-1: Ball
2-1: Ball
3-1: Ground out U3 (Groundball, 3, EV 85.6 MPH)
Top of the 7th over - 0 runs, 1 hit, 0 errors, 1 left on base; New York 1 - Allentown 7
BOTTOM OF THE 7TH
Allentown A's batting - Pitching for New York Comets : LHP Thomas Bruner
Batting: RHB Xander Oakley 0-0: Called Strike
0-1: Ball
1-1: Called Strike
1-2: Foul Ball, location: 2F
1-2: Strikes out swinging
Batting: RHB Dave Bourcy 0-0: Called Strike
0-1: SINGLE (Groundball, 25, EV 75.6 MPH) (infield hit)
Batting: LHB Rufus Cartellieri 0-0: Called Strike
0-1: Swinging Strike
0-2: Strikes out swinging
Batting: LHB Cole Marshall 0-0: Called Strike
0-1: Ball
1-1: Ball
Dave Bourcy steals 2nd, throwing error, E2
Dave Bourcy to third
2-1: Ball
3-1: 2-RUN HOME RUN (Flyball, 9D, EV 101.9 MPH), Distance : 406 ft
Batting: LHB Spencer Murdock 0-0: Foul Ball, location: 2F
0-1: Called Strike
0-2: Foul Ball, location: 2F
0-2: Strikes out swinging
Bottom of the 7th over - 2 runs, 2 hits, 1 error, 0 left on base; New York 1 - Allentown 9
TOP OF THE 8TH
New York Comets batting - Pitching for Allentown A's : RHP Jimmy Loman
Batting: LHB Colton Boose 0-0: Swinging Strike
0-1: Ball
1-1: Called Strike
1-2: Strikes out swinging
Batting: RHB Terrance Tuck 0-0: Ball
1-0: Ball
2-0: Foul Ball, location: 2F
2-1: Foul Ball, location: 2F
2-2: Strikes out swinging
Batting: SHB Drake Stock 0-0: Fly out, F7 (Flyball, 78M, EV 94.4 MPH)
Top of the 8th over - 0 runs, 0 hits, 0 errors, 0 left on base; New York 1 - Allentown 9
BOTTOM OF THE 8TH
Allentown A's batting - Pitching for New York Comets : LHP Thomas Bruner
Batting: RHB Logan Barbee 0-0: Ball
1-0: DOUBLE (Line Drive, 9LD, EV 111.9 MPH)
Pitching: LHP Dalton Haussler
Batting: RHB Tracy Wick 0-0: Ball
1-0: Ball
2-0: Ball
3-0: Called Strike
3-1: Ground out 6-3 (Groundball, 6, EV 84.4 MPH)
Batting: SHB Gage Wilson 0-0: Ball
1-0: Ball
2-0: Foul Ball, location: 2F
2-1: Ball
3-1: Foul Ball, location: 2F
3-2: Fly out, F9 (Flyball, 9, EV 87.5 MPH)
Batting: RHB David McCullough 0-0: Ball
1-0: Ball
2-0: Foul Ball, location: 2F
2-1: Called Strike
2-2: Foul Ball, location: 2F
2-2: Ball
3-2: Foul Ball, location: 2F
3-2: Strikes out looking
Bottom of the 8th over - 0 runs, 1 hit, 0 errors, 1 left on base; New York 1 - Allentown 9
TOP OF THE 9TH
New York Comets batting - Pitching for Allentown A's : RHP Jimmy Loman
Batting: RHB Brock Jackson 0-0: Ball
1-0: Ball
2-0: Called Strike
2-1: Ground out 6-3 (Groundball, 6, EV 85.0 MPH)
Batting: RHB Mason Douglass 0-0: Called Strike
0-1: Ball
1-1: Ball
2-1: Ball
3-1: SINGLE (Line Drive, 6M, EV 103.1 MPH)
Pitching: RHP J.R. Naples
Batting: LHB Abraham Kajosevic 0-0: Ball
1-0: Ball
2-0: Grounds into double play, 5-4-3 (Groundball, 56, EV 81.9 MPH)
Top of the 9th over - 0 runs, 1 hit, 0 errors, 0 left on base; New York 1 - Allentown 9
Monday, April 29th , 2024 - OOTP Baseball 23.10 Build 110